 Dungeon Crawl Stone Soup version 0.31-a0-845-g9abc20d24f (webtiles) character file.

Game seed: 17787848682178162729

652 BinkBink the Shooter (level 7, 0/47 HPs)
             Began as an Octopode Hunter on Oct 1, 2023.
             Succumbed to a water moccasin's poison
             ... on level 6 of the Dungeon.
             The game lasted 00:08:22 (4396 turns).

BinkBink the Shooter (Octopode Hunter)              Turns: 4396, Time: 00:08:22

Health: 0/47       AC:  5    Str: 10    XL:     7   Next: 54%
Magic:  7/7        EV: 20    Int: 12    God:
Gold:   331        SH:  0    Dex: 17    Spells: 6/6 levels left

rFire   + . .        a - +0 shortbow (flame)
rCold   . . .        (shield currently unavailable)
rNeg    . . .        (helmet restricted)
rPois   .            (no amulet)
rElec   .            g - +5 ring of evasion
rCorr   .            e - ring of protection from fire
SInv    .            h - +4 ring of protection
Will    .....        (no ring)
Stlth   ++++         (no ring)
HPRegen 0.27/turn    (no ring)
MPRegen 0.10/turn    (no ring)
                     (no ring)

%: no passive effects
@: mighty, lethally poisoned (0 -> -6), about to teleport, weak-willed
A: almost no armour, amphibious, 8 rings, camouflage 1, gelatinous body 1,
(nimble swimmer 1), tentacles
a: no special abilities


You were on level 6 of the Dungeon.
You visited 2 branches of the dungeon, and saw 7 of its levels.

You collected 331 gold pieces.

Inventory:

Hand Weapons
 a - a +0 shortbow of flaming (weapon)
Jewellery
 e - a ring of protection from fire (right tentacle)
 g - a +5 ring of evasion (left tentacle)
 h - a +4 ring of protection (on tentacle)
Scrolls
 d - 3 scrolls of noise
 i - 2 scrolls of blinking
 m - a scroll of brand weapon
Potions
 b - a potion of degeneration
 f - 3 potions of enlightenment


   Skills:
 + Level 3.9 Fighting
 * Level 6.4 Ranged Weapons
 + Level 4.0 Dodging
 + Level 5.2 Stealth


You had 6 spell levels left.
You didn't know any spells.
Your spell library contained the following spells:

 Spells                   Type           Power      Damage    Failure   Level
 Apportation              Tloc           0%         N/A       32%         1
 Freeze                   Ice            0%         1d3       32%         1
 Jinxbite                 Hex            0%         N/A       45%         2
 Dazzling Flash           Conj/Hex       0%         N/A       69%         3
 Frozen Ramparts          Ice            0%         1d1       69%         3
 Hailstorm                Conj/Ice       0%         3d3       69%         3
 Ozocubu's Armour         Ice            0%         N/A       69%         3
 Petrify                  Tmut/Erth      0%         N/A       97%         4
 Agony                    Necr           0%         N/A       100%        5
 Alistair's Intoxication  Tmut/Pois      0%         N/A       100%        5
 Metabolic Englaciation   Hex/Ice        0%         N/A       100%        5
 Silence                  Hex/Air        0%         N/A       100%        5
 Ozocubu's Refrigeration  Ice            0%         4d7       100%        7


Dungeon Overview and Level Annotations

Branches:
Dungeon (6/15)             Temple (1/1) D:5

Altars:
Ashenzari
Cheibriados
Elyvilon
Fedhas
Gozag
Hepliaklqana
Kikubaaqudgha
Makhleb
Nemelex Xobeh
Qazlal
Sif Muna
Trog
Xom
Zin
The Shining One

Shops:
D:3 !


Innate Abilities, Weirdness & Mutations

You cannot wear most types of armour.
You are amphibious.
You can wear up to eight rings at the same time.
Your skin changes colour to match your surroundings (Stealth+).
Your rubbery body absorbs attacks. (AC +1, EV +1)
((You are camouflaged when in or above water. (Stealth+)))
You have tentacles for arms and can constrict up to eight enemies at once.


Message History

You are too injured to fight recklessly!
You are too injured to fight recklessly!
Fire: a) +0 shortbow (flame)
Press: ? - help, Q - select action Shift-Dir - straight line, f/p - water moccasin
Aim: a water moccasin (severely wounded, 48% to hit)
You shoot an arrow.
The arrow closely misses the water moccasin.
You feel very sick. The water moccasin bites you.
* * * LOW HITPOINT WARNING * * *
Fire: a) +0 shortbow (flame)
Press: ? - help, Q - select action Shift-Dir - straight line, f/p - water moccasin
Aim: a water moccasin (severely wounded, 48% to hit)
You shoot an arrow. The arrow hits the water moccasin.
The arrow burns the water moccasin.
The water moccasin is severely wounded.
* * * LOW HITPOINT WARNING * * *
You feel very sick.
The water moccasin bites you but does no damage.
The water moccasin misses you.
It was a potion of might.
You feel very mighty all of a sudden.
* * * LOW HITPOINT WARNING * * *
You feel very sick.
The water moccasin completely misses you.
As you read the scroll labelled BACKUYNUAH, it crumbles to dust.
Magic quickly surges around you.
It was a scroll of vulnerability.
* * * LOW HITPOINT WARNING * * *
You feel very sick.
The water moccasin bites you but does no damage.
The water moccasin completely misses you.
As you read the scroll labelled LYESMUIRI, it crumbles to dust.
You feel strangely unstable.
It was a scroll of teleportation.
* * * LOW HITPOINT WARNING * * *
You feel sick. The water moccasin misses you.
Blink to where?
Press: ? - help, Dir - move target, p - water moccasin
As you read the scroll labelled XOB YLAKOISO, it crumbles to dust.
It was a scroll of blinking.
You die...

# ###. ## ..... ## #..##.#..#
.#....##### .##..#.##..#
......S§..##########..#...#...#
##...####.......#.....##.......
##......##.......##.#....)....
#..###.......................
####...@.....<...#......
##................).>.
#......<..###.##......
#...........#.##....).
########.........###.##......
.................##...##.....
########.........##.:.###....
#.........##...# #####
#.........##._.#


There were no monsters in sight!

Vanquished Creatures
  2 ogres (D:5)
  A scorpion (D:5)
  2 hounds (D:4)
  4 orc priests
  An iguana (D:6)
  3 orc wizards
  3 adders
  An ufetubus (D:6)
  3 worms
  2 dart slugs
  24 orcs
  A bat (D:1)
  7 endoplasms
  2 giant cockroaches
  6 goblins
  9 hobgoblins
  5 quokkas
  3 ball pythons (D:1)
  4 kobolds
  5 rats
88 creatures vanquished.

Notes
Turn   | Place    | Note
-------+----------+-------------------------------------------
     0 | D:1      | BinkBink the Octopode Hunter began the quest for the Orb.
     0 | D:1      | Reached XP level 1. HP: 14/14 MP: 1/1
   171 | D:1      | Reached XP level 2. HP: 13/19 MP: 2/2
   690 | D:2      | Found a faded altar of an unknown god.
   959 | D:2      | Reached XP level 3. HP: 24/24 MP: 3/3
   977 | D:2      | HP: 1/24 [poisoned by an adder]
  1568 | D:2      | Found a sparkling altar of Nemelex Xobeh.
  1686 | D:3      | Reached XP level 4. HP: 13/30 MP: 4/4
  1952 | D:3      | Found a hazy altar of Hepliaklqana.
  2207 | D:3      | Found Sutack's Distillery.
  2641 | D:2      | Reached skill level 5 in Ranged Weapons
  2641 | D:2      | Reached XP level 5. HP: 36/36 MP: 5/5
  2922 | D:4      | Reached XP level 6. HP: 42/42 MP: 6/6
  3017 | D:4      | Found a blossoming altar of Fedhas.
  3138 | D:4      | Found a shimmering blue altar of Sif Muna.
  3323 | D:5      | Entered Level 5 of the Dungeon
  3582 | D:5      | Found a glowing silver altar of Zin.
  3584 | D:5      | Found a glowing golden altar of the Shining One.
  3585 | D:5      | Found a white marble altar of Elyvilon.
  3734 | D:4      | Reached XP level 7. HP: 37/46 MP: 7/7
  3848 | D:5      | Reached skill level 6 in Ranged Weapons
  3918 | D:5      | Reached skill level 5 in Stealth
  3924 | D:5      | Found a staircase to the Ecumenical Temple.
  3933 | Temple   | Entered the Ecumenical Temple
  4145 | D:5      | Found a snail-covered altar of Cheibriados.
  4309 | D:6      | Found a bloodstained altar of Trog.
  4394 | D:6      | HP: 2/47 [poisoned by a water moccasin]
  4396 | D:6      | Succumbed to a water moccasin's poison

Illustrated notes

Levels and vault maps discovered:
D:1:      mushboom_english_gardens, layout_loops_ring, hex_medium
D:2:      layout_loops_corners, nicolae_ecumenical_oubliette, basic_altar,
          minmay_misc_feat_alley
D:3:      layout_basic, mainiacjoe_overflow_boulevard, serial_shops, shop
D:4:      layout_cave_pools, nicolae_overflow_crystal_walls, lemuel_doored_altar
D:5:      layout_rooms, good_gods_temple_1, slow_altar_2,
          minmay_temple_entry_gardened_gates, minivault_4
D:6:      layout_rooms, trog_book, nicolae_eternal_life,
          kennysheep_generic_room_8
Temple:   nicolae_temple_great_sept

Skill      XL: |  1  2  3  4  5  6  7 |
---------------+----------------------+-----
Stealth        | 2 3 4 5 |  5.2
Ranged Weapons | 5 6 |  6.4
Fighting       | 3 |  3.9
Dodging        | 3 4 |  4.0

Action                     |  1- 3 |  4- 6 |  7- 9 || total
---------------------------+-------+-------+-------++-------
   Fire: Shortbow          |    95 |   140 |    70 ||   305
    Use: Scroll            |     1 |     8 |     3 ||    12
         Potion            |       |       |     2 ||     2
 Armour: Skin              |    15 |    17 |    17 ||    49
  Dodge: Dodged            |    22 |    37 |    26 ||    85

Table legend: (Time is in decaauts)
 A = Elapsed time spent in this place.
 B = Non-inter-level travel time spent in this place.
 C = Inter-level travel time spent in this place.
 D = Time resting spent in this place.
 E = Time spent auto-exploring this place.
 F = Levels seen in this place.
 G = Mean time per level.
                   A        B        C        D        E       F      G
               +--------+--------+--------+--------+--------+-----+--------+
         Total |   4438 |   4068 |    370 |    181 |   3170 |   7 |  634.0 |
       Dungeon |   4384 |   4067 |    317 |    181 |   3170 |   6 |  730.7 |
        Temple |     53 |      0 |     53 |      0 |      0 |   1 |   53.0 |
               +--------+--------+--------+--------+--------+-----+--------+

Top non-repeatable levels by time:
     D:3: 1114 daAuts
     D:2: 1019 daAuts
     D:5: 845 daAuts
     D:1: 702 daAuts
     D:4: 586 daAuts
     D:6: 116 daAuts
  Temple: 53 daAuts
